 Dungeon Crawl Stone Soup version 0.17.1-2-g5865329 (webtiles) character file.

4363 Iamburgie the Cleaver (level 10, -9/98 (99) HPs)
             Began as a Minotaur Fighter on Feb 6, 2016.
             Was a Priest of Okawaru.
             Mangled by Gastronok (22 damage)
             ... on level 9 of the Dungeon.
             The game lasted 00:19:40 (6804 turns).

Iamburgie the Cleaver (Minotaur Fighter)            Turns: 6804, Time: 00:19:41

HP:   -9/98 (99)    AC: 11    Str: 22    XL:     10   Next: 12%
MP:   0/0           EV:  8    Int:  5    God:    Okawaru [***...]
Gold: 325           SH: 10    Dex: 18    Spells: 0 memorised, 9 levels left

rFire  . . .     SeeInvis .     a - +1 war axe
rCold  + + .     Clarity  +     p - +3 ring mail of Koas Zie {rC++ MP-9 Dex+6}
rNeg   . . .     SustAt   +     c - +0 shield
rPois  +         Gourm    .     K - +2 hat
rElec  .         Spirit   .     j - +0 cloak
rCorr  .         Warding  .     (no gloves)
rMut   .         Stasis   .     (no boots)
MR     .....                    k - amulet of clarity
Stlth  +.........               B - ring of poison resistance
                                t - ring of sustain attributes

@: not resistant to hostile enchantments, very unstealthy
A: retaliatory headbutt, horns 2
a: Heroism, Renounce Religion


You were on level 9 of the Dungeon.
You worshipped Okawaru.
Okawaru was most pleased with you.
You were hungry.

You visited 2 branches of the dungeon, and saw 11 of its levels.
You also visited: Ossuary.

You collected 325 gold pieces.

Inventory:

Hand Weapons
 a - a +1 war axe (weapon)
 L - the +3 dagger of Debt {freeze, Int+2}
   (You found it on level 6 of the Dungeon)

   It has been specially enchanted to freeze those struck by it, causing extra
   injury to most foes and up to half again as much damage against particularly
   susceptible opponents.
   It can also slow down cold-blooded creatures.
   It affects your intelligence (+2).
Armour
 b - a +0 scale mail
 c - a +0 shield (worn)
 g - a +0 ice dragon armour
 j - a +0 cloak (worn)
 p - the +3 ring mail of Koas Zie (worn) {rC++ MP-9 Dex+6}
   (You found it on level 7 of the Dungeon)

   It affects your dexterity (+6).
   It greatly protects you from cold.
   It affects your magic capacity (-9).
 K - a +2 hat (worn)
Jewellery
 k - an amulet of clarity (around neck)
 t - a ring of sustain attributes (left hand)
 B - a ring of poison resistance (right hand)
Wands
 v - a wand of digging (10)
Scrolls
 f - 3 scrolls of remove curse
 u - a scroll of fog
 y - 3 scrolls of teleportation
 A - a scroll of magic mapping
 F - a scroll of enchant weapon
 I - a scroll of enchant armour {unknown}
Potions
 d - 2 potions of might
 l - 3 potions of heal wounds
 m - 4 potions of curing
 n - a potion of haste
 q - a potion of agility
 r - a potion of resistance
 w - a potion of mutation {unknown}
 x - a potion of brilliance {unknown}
 z - a potion of cure mutation {unknown}
 C - a potion of cancellation {unknown}
 D - 2 potions of magic {unknown}
 E - a potion of poison {unknown}
 J - a potion of lignification {unknown}
Books
 G - a book of Spatial Translocations

   Spells                             Type                      Level
   a - Apportation                    Translocation                1
   b - Blink                          Translocation                2
   c - Shroud of Golubria             Charms/Translocation         2
   d - Portal Projectile              Translocation                3
   e - Teleport Other                 Translocation                3
   f - Passage of Golubria            Translocation                4
Comestibles
 e - 8 bread rations
 h - 6 slices of pizza
 i - 3 beef jerkies
 o - 4 meat rations
 s - 4 fruits
 H - 8 chunks of flesh
 M - 4 royal jellies


   Skills:
 + Level 12.4 Fighting
 + Level 12.5 Axes
 - Level 3.6 Armour
 - Level 3.6 Shields


You had 9 spell levels left.
You didn't know any spells.

Dungeon Overview and Level Annotations

Branches:
Dungeon (10/15)            Temple (1/1) D:5            Lair (0/8) D:8
    Orc: D:9-12

Altars:
Ashenzari
Cheibriados
Dithmenos
Elyvilon
Fedhas
Gozag
Kikubaaqudgha
Makhleb
Nemelex Xobeh
Okawaru
Qazlal
Ru
Sif Muna
Trog
Vehumet
Xom
Yredelemnul
Zin
The Shining One

Shops:
D:5 %

Annotations:
D:9 Gastronok


Innate Abilities, Weirdness & Mutations

You reflexively headbutt those who attack you in melee.
You have a pair of horns on your head.


Message History

Gastronok is severely wounded.
You slash Gastronok!
Gastronok is severely wounded.
Gastronok casts a spell.
You slash Gastronok!
Gastronok is almost dead.
You hit Gastronok but do no damage.
Gastronok is almost dead.
Gastronok waves his eye-stalks in wide circles.
The air twists around and strikes you!
* * * LOW HITPOINT WARNING * * *
You slash Gastronok!
Gastronok is almost dead.
You hit Gastronok.
Gastronok is almost dead.
You hit the river rat.
The river rat is moderately wounded.
The river rat bites you but does no damage.
Gastronok bites you!!
You die...

#..........
#..........
#..........
#.......... .
#.......... #######
#.......... #.....#
#.......... #.....#
#.........###.....#
#.@.......#.......#
#rw#####..#.......'
#..# #..#.......#
#..# #..#...>...#
#..# #.w#####+###
#..# +.[.........
#..# #...........
#..# #.......>...
#..# #...........


You could see Gastronok and a river rat.

Vanquished Creatures
  Joseph (D:7)
  2 deep elf fighters
  A spriggan (D:10)
  A human (D:10)
  A hippogriff (D:10)
  2 ice beasts (D:5)
  A sky beast (D:5)
  2 phantoms (D:7)
  2 black bears
  A necrophage (D:6)
  An orc warrior (D:5)
  2 crocodiles (D:8)
  2 centaurs
  5 ogres
  2 giant frogs (D:7)
  7 water moccasin zombies (Ossuary)
  7 wights (D:7)
  A crimson imp (D:5)
  A giant frog zombie (D:5)
  3 orc priests
  6 orc wizards
  6 hounds
  2 iguanas
  2 worker ants
  A centaur skeleton (D:6)
  3 big kobold zombies (Ossuary)
  A hound zombie (D:8)
  A hound skeleton (D:5)
  3 mummies
  3 river rats (D:8)
  5 adders
  3 shadow imps
  8 adder zombies
  2 oozes
  2 adder skeletons
  3 worms (D:2)
  5 giant geckos
  17 orcs
  A ball python (D:1)
  8 giant cockroaches
  9 goblins
  11 hobgoblins
  7 jackals
  8 quokkas
  24 bats
  4 giant newts
  3 gnoll zombies (Ossuary)
  A goblin zombie (D:6)
  7 hobgoblin zombies
  A jackal zombie (D:5)
  10 kobolds
  3 kobold zombies (Ossuary)
  2 orc zombies (Ossuary)
  7 rats
  A fungus (D:8)
225 creatures vanquished.

Notes
Turn   | Place    | Note
--------------------------------------------------------------
     0 | D:1      | Iamburgie the Minotaur Fighter began the quest for the Orb.
     0 | D:1      | Reached XP level 1. HP: 19/19 MP: 0/0
    26 | D:1      | Reached skill level 4 in Fighting
    26 | D:1      | Reached XP level 2. HP: 21/27 MP: 1/1
   184 | D:1      | Reached XP level 3. HP: 30/34 MP: 2/2
   564 | D:2      | Found a burning altar of Makhleb.
   564 | D:2      | Noticed an Executioner
   568 | D:2      | Noticed an orange demon
   568 | D:2      | Noticed an orange demon
   652 | D:2      | Reached XP level 4. HP: 32/41 MP: 3/3
   740 | D:2      | Reached skill level 5 in Fighting
  1323 | D:3      | Reached XP level 5. HP: 48/48 MP: 4/4
  1325 | D:3      | Reached skill level 5 in Axes
  1548 | D:3      | Reached skill level 6 in Fighting
  2069 | D:4      | Reached XP level 6. HP: 52/57 MP: 5/5
  2302 | D:4      | Found a basalt altar of Yredelemnul.
  2740 | D:5      | Entered Level 5 of the Dungeon
  2763 | D:5      | Reached skill level 7 in Fighting
  2974 | D:5      | Reached XP level 7. HP: 66/66 MP: 6/6
  3016 | D:5      | HP: 1/66 [ogre/giant spiked club (18)]
  3464 | D:5      | Found a staircase to the Ecumenical Temple.
  3468 | D:5      | Found Fouravux's Food Shop.
  3474 | Temple   | Entered the Ecumenical Temple
  3580 | Temple   | Became a worshipper of Warmaster Okawaru
  3660 | D:5      | Reached skill level 8 in Fighting
  4072 | D:5      | Reached XP level 8. HP: 48/75 MP: 7/7
  4206 | D:5      | Reached * piety under Okawaru
  4206 | D:5      | Reached skill level 9 in Fighting
  4285 | D:6      | Found a sand-covered staircase.
  4292 | Ossuary  | Entered an ossuary
  4381 | Ossuary  | Reached skill level 10 in Fighting
  4390 | Ossuary  | Reached ** piety under Okawaru
  4429 | Ossuary  | Reached skill level 10 in Axes
  4601 | D:6      | Reached XP level 9. HP: 75/86 MP: 8/8
  4815 | D:6      | Got a warped dagger
  5372 | D:6      | Identified the +3 dagger of Debt {freeze, Int+2} (You found it on level 6 of the Dungeon)
  5573 | D:7      | Reached skill level 11 in Fighting
  5605 | D:7      | Noticed Joseph
  5615 | D:7      | Killed Joseph
  5636 | D:7      | Got a jewelled ring mail
  6282 | D:7      | Reached *** piety under Okawaru
  6343 | D:7      | Identified the +3 ring mail of Koas Zie {rC++ MP-9 Dex+6} (You found it on level 7 of the Dungeon)
  6431 | D:8      | Reached skill level 12 in Fighting
  6501 | D:8      | Found a staircase to the Lair.
  6607 | D:8      | You fall through a shaft for 2 floors!
  6607 | D:10     | Entered Level 10 of the Dungeon
  6613 | D:10     | Reached XP level 10. HP: 89/96 MP: 0/9
  6746 | D:9      | Noticed Gastronok
  6804 | D:9      | Mangled by Gastronok

Action                   |  1- 3 |  4- 6 |  7- 9 | 10-12 || total
-------------------------+-------+-------+-------+-------++-------
Melee: War axe           |    69 |   144 |   315 |    42 ||   570
  Use: Scroll            |       |    10 |     7 |       ||    17
  Eat: Chunk             |       |     7 |    12 |       ||    19
